 Dungeon Crawl Stone Soup version 0.24-a0-429-g4608c8fa30 (webtiles) character file.

Game seed: 1005520358272202236

11242 KristoblXynda the Carver (level 11, -6/136 HPs)
             Began as a Grey Draconian Gladiator on June 13, 2019.
             Was a High Priest of Okawaru.
             Mangled by a death yak (15 damage)
             ... on level 10 of the Dungeon.
             The game lasted 00:26:11 (12750 turns).

KristoblXynda the Carver (DrGl)                    Turns: 12750, Time: 00:26:12

Health: -6/136     AC: 25    Str: 16    XL:     11   Next: 46%
Magic:  15/15      EV:  2    Int: 13    God:    Okawaru [*****.]
Gold:   626        SH:  0    Dex: 15    Spells: 10/10 levels left

rFire    . . .     SeeInvis .   G - +7 double sword of Sudden Death {slice, Int+3}
rCold    + . .     Gourm    .   (no shield)
rNeg     + + +     Faith    .   (armour unavailable)
rPois    +         Spirit   .   (helmet currently unavailable)
rElec    .         Reflect  .   (cloak currently unavailable)
rCorr    .         Harm     .   (gloves currently unavailable)
MR       .....     NoTele   +   (boots currently unavailable)
Stlth    +.........             (no amulet)
HPRegen  0.32/turn              s - ring of protection from cold
MPRegen  0.14/turn              (no ring)

@: tree-form
A: (walk through water), unfitting armour, AC +12
a: Heroism, Finesse, Renounce Religion


You were on level 10 of the Dungeon.
You worshipped Okawaru.
Okawaru was extremely pleased with you.
You were hungry.
You were a tree.
You visited 2 branches of the dungeon, and saw 11 of its levels.

You collected 626 gold pieces.

Inventory:

Hand Weapons
 m - a -2 long sword of holy wrath
 G - the +7 double sword of Sudden Death (weapon) {slice, Int+3}
   (Okawaru gifted it to you on level 10 of the Dungeon)

   It inflicts extra damage upon your enemies.
   It affects your intelligence (+3).
Missiles
 c - 5 throwing nets
 o - 7 javelins
 q - 4 boomerangs (quivered)
Armour
 b - a +1 hat (melded)
 h - a +0 pair of boots (melded)
 j - a +0 cloak
 l - a scarf of resistance (melded)
Jewellery
 s - a ring of protection from cold (left branch)
Wands
 w - a wand of iceblast (6)
 y - a wand of disintegration (7)
 A - a wand of acid (12)
 B - a wand of digging (4)
Scrolls
 e - 2 scrolls of enchant weapon
 f - a scroll of immolation
 g - 2 scrolls of teleportation
 n - a scroll of enchant armour
 r - 3 scrolls of remove curse
 u - 3 scrolls of amnesia
 F - a scroll of blinking
Potions
 k - 2 potions of haste
 p - a potion of mutation {unknown}
 t - 3 potions of resistance
 v - 2 potions of brilliance {unknown}
 x - 2 potions of might
 z - a potion of lignification
 E - 2 potions of flight {unknown}
Miscellaneous
 D - a phantom mirror
Comestibles
 d - 14 rations


   Skills:
 + Level 6.4 Fighting
 + Level 9.9 Long Blades
 + Level 8.2 Throwing
 + Level 8.5 Dodging
 - Level 6.0 Invocations
 - Level 6.0 Evocations


You had 10 spell levels left.
You didn't know any spells.
Your spell library contained the following spells:

 Spells                   Type           Power        Failure   Level  Hunger
 Beastly Appendage        Tmut           #.....       30%         1    ##.....
 Sticks to Snakes         Tmut           #.......     43%         2    ###....
 Spider Form              Tmut/Pois      #.........   67%         3    ####...
 Ice Form                 Ice/Tmut       #.......     97%         4    #####..
 Blade Hands              Tmut           #.........   100%        5    ######.


Dungeon Overview and Level Annotations

Branches:
Dungeon (10/15)            Temple (1/1) D:6            Lair (0/6) D:10
    Orc: D:9-12

Altars:
Ashenzari
Cheibriados
Elyvilon
Fedhas
Gozag
Hepliaklqana
Kikubaaqudgha
Makhleb
Nemelex Xobeh
Okawaru
Qazlal
Ru
Sif Muna
Trog
Uskayaw
Vehumet
Wu Jian
Xom
Yredelemnul
Zin
The Shining One

Shops:
D:10 }


Innate Abilities, Weirdness & Mutations

((You can walk through water.))
((Your dull iron-grey scales are very hard. (AC +12)))
You cannot fit into any form of body armour.
((You can survive without breathing.))
((You are cold-blooded and may be slowed by cold attacks.))


Message History

You throw a boomerang. The boomerang hits the death yak!
The death yak is heavily wounded.
Evoke which item? (* to show all) (? for menu, Esc to quit)
Aiming: Iceblast
Press: ? - help, Shift-Dir - straight line, f/p - death yak
Aim: a death yak (heavily wounded)
The mass of ice explodes!
The iceblast engulfs the death yak!
The death yak is severely wounded.
Evoke which item? (* to show all) (? for menu, Esc to quit)
Aiming: Corrosive Bolt
Press: ? - help, Shift-Dir - straight line, p - death yak The bolt of acid hits the death yak.
The death yak is splashed with acid.
The acid corrodes the death yak!
The death yak is severely wounded.
The bolt of acid hits the yak!!
The yak is splashed with acid.
The acid corrodes the yak!
The yak is severely wounded.
The death yak snorts and paws the ground.
The death yak gores you!
You die...

...............#
..Y.######.....#
..Y.# #...###
###.# #...# #Y#
#...# #.# #÷).#
#(# #...#
#.######...#####
#(........Y.†Y♣#
#............###
#............#
#...)........#
...............#
...............#
...............#
####+#.........#
# #.........#


You could see a death yak and a yak.

Vanquished Creatures
  2 two-headed ogres (D:10)
  2 death yaks (D:10)
  An unseen horror (D:10)
  A manticore (D:8)
  A gargoyle (D:10)
  2 hornets
  2 trolls
  A hippogriff (D:9)
  2 wyverns
  3 yaks (D:10)
  4 hungry ghosts
  A soldier ant (D:8)
  5 ice beasts
  2 black bears
  2 sky beasts
  4 orc warriors
  3 phantoms
  8 ogres
  2 centaurs
  A big kobold (D:10)
  4 bullfrogs
  A gnoll sergeant (D:9)
  5 scorpions
  4 killer bees (D:3)
  8 wights
  3 howler monkeys
  5 crimson imps
  A jelly (D:5)
  2 centaur skeletons
  6 hounds
  3 orc wizards
  A quasit (D:10)
  9 orc priests
  3 bullfrog skeletons (D:8)
  Natasha (thrice) (D:2)
  An iguana (D:7)
  6 worker ants
  A worker ant zombie (D:5)
  14 gnolls
  15 adders
  A shadow imp (D:10)
  2 oozes
  An adder zombie (D:8)
  A worm (D:8)
  6 dart slugs
  5 leopard geckos
  25 orcs
  15 bats
  9 giant cockroaches
  11 goblins
  9 hobgoblins
  14 jackals
  9 quokkas
  A ball python (D:2)
  3 frilled lizards
  5 kobolds
  A leopard gecko zombie (D:5)
  A quokka zombie (D:8)
  10 rats
  6 fungi (D:5)
279 creatures vanquished.

Vanquished Creatures (others)
  2 fungi (D:5)
2 creatures vanquished.

Grand Total: 281 creatures vanquished

Notes
Turn   | Place    | Note
-------+----------+-------------------------------------------
     0 | D:1      | KristoblXynda the Draconian Gladiator began the quest for
                  | the Orb.
     0 | D:1      | Reached XP level 1. HP: 17/17 MP: 1/1
   239 | D:1      | Reached XP level 2. HP: 24/24 MP: 2/2
   724 | D:1      | Reached XP level 3. HP: 21/29 MP: 3/3
  1153 | D:2      | Noticed Natasha
  1188 | D:2      | Killed Natasha
  1188 | D:2      | Reached skill level 4 in Long Blades
  1238 | D:2      | Reached XP level 4. HP: 36/36 MP: 4/4
  1543 | D:2      | Noticed Natasha
  1563 | D:2      | Killed Natasha
  1781 | D:2      | Found a snail-covered altar of Cheibriados.
  1788 | D:2      | Reached XP level 5. HP: 40/41 MP: 5/5
  1841 | D:2      | Noticed Natasha
  1848 | D:2      | Killed Natasha
  2587 | D:3      | Found an iron altar of Okawaru.
  2843 | D:3      | Reached skill level 5 in Long Blades
  3327 | D:3      | Reached XP level 6. HP: 48/48 MP: 6/6
  3639 | D:3      | Became a worshipper of Warmaster Okawaru
  4252 | D:4      | Your scales start taking on a dull iron-grey colour.
  4252 | D:4      | Reached XP level 7. HP: 35/55 MP: 7/7
  4252 | D:4      | Gained mutation: You can survive without breathing. [Grey
                  | Draconian growth]
  4396 | D:4      | Reached skill level 1 in Invocations
  4403 | D:4      | Reached * piety under Okawaru
  4582 | D:4      | Reached skill level 6 in Long Blades
  4582 | D:4      | Reached skill level 1 in Evocations
  4728 | D:4      | Found a radiant altar of Vehumet.
  4928 | D:5      | Entered Level 5 of the Dungeon
  5047 | D:5      | Reached XP level 8. HP: 56/61 MP: 9/9
  5149 | D:5      | Reached ** piety under Okawaru
  5178 | D:5      | Reached skill level 5 in Dodging
  5558 | D:5      | Found an iron altar of Okawaru.
  5812 | D:5      | Reached skill level 5 in Throwing
  5825 | D:5      | Reached skill level 7 in Long Blades
  6400 | D:5      | Reached XP level 9. HP: 62/67 MP: 12/12
  7045 | D:6      | Reached *** piety under Okawaru
  7148 | D:6      | Found a staircase to the Ecumenical Temple.
  7237 | Temple   | Entered the Ecumenical Temple
  7787 | D:7      | Reached skill level 5 in Invocations
  7829 | D:7      | Noticed a six-headed hydra
  8078 | D:8      | Reached skill level 5 in Evocations
  8101 | D:8      | Reached **** piety under Okawaru
  8123 | D:8      | Reached skill level 8 in Long Blades
  8149 | D:8      | Found a glowing silver altar of Zin.
  8368 | D:8      | Noticed a manticore
  8574 | D:8      | Reached XP level 10. HP: 73/73 MP: 14/14
  9514 | D:8      | Found a blossoming altar of Fedhas.
  9532 | D:8      | Killed a manticore
  9831 | D:8      | Found a bloodstained altar of Trog.
 10491 | D:9      | Reached ***** piety under Okawaru
 10553 | D:9      | Found a white marble altar of Elyvilon.
 11601 | D:10     | Entered Level 10 of the Dungeon
 11601 | D:10     | Noticed a gargoyle
 11601 | D:10     | Noticed a two-headed ogre
 11684 | D:10     | Noticed a two-headed ogre
 11702 | D:10     | Reached skill level 9 in Long Blades
 11864 | D:10     | Killed a two-headed ogre
 11927 | D:10     | Found an ornate altar of the Wu Jian Council.
 11973 | D:10     | Noticed a two-headed ogre
 11976 | D:10     | Killed an unseen horror
 11976 | D:10     | Reached skill level 5 in Fighting
 11977 | D:10     | Killed a two-headed ogre
 11977 | D:10     | Received a gift from Okawaru
 11977 | D:10     | Reached XP level 11. HP: 68/88 MP: 15/15
 11980 | D:10     | Got a smoking double sword {god gift}
 11981 | D:10     | Identified the +7 double sword of Sudden Death {slice,
                  | Int+3} (Okawaru gifted it to you on level 10 of the
                  | Dungeon)
 12409 | D:10     | Found Huwned's Gadget Shoppe.
 12444 | D:10     | Noticed a death yak
 12446 | D:10     | Found a staircase to the Lair.
 12464 | D:10     | Killed a death yak
 12695 | D:10     | Noticed a death yak
 12712 | D:10     | Noticed a death yak
 12729 | D:10     | Killed a death yak
 12729 | D:10     | Received a gift from Okawaru
 12736 | D:10     | HP: 6/136 [death yak (15)]
 12750 | D:10     | Mangled by a death yak

Levels and vault maps discovered:
D:1:      dpeg_arrival_castle, layout_basic
D:2:      minmay_spotlight, layout_basic, kennysheep_slug_shrine, uniq_natasha
D:3:      layout_loops_ring, minmay_misc_feat_tiny, okawaru_ov_weapons_minmay
D:4:      layout_loops_ring, nicolae_overflow_crystal_walls, first_ration,
          dk_noncrumbling_4
D:5:      old_forge, layout_basic, old_standard_altar, grunt_decor_mini_mirrors
D:6:      layout_rooms, minmay_temple_entry_nine_rooms
D:7:      layout_basic, nicolae_dithmenos_through_a_glass_darkly, uniq_joseph
D:8:      layout_loops_cross, bloody_trog, lemuel_crystal_altar, fedhas_altar_2,
          hangedman_pestilent_swarm
D:9:      layout_irregular_city, overflow_temple_1_default
D:10:     layout_irregular_city, dpeg_lair_monsters, basic_altar, serial_shops,
          nicolae_shop_crystal
Temple:   eino_narrow_crystal_temple

Skill      XL: |  1  2  3  4  5  6  7  8  9 10 11 |
---------------+----------------------------------+-----
Throwing       | 2 3 4 5 6 7 8 |  8.2
Dodging        | 3 4 5 6 7 8 |  8.5
Long Blades    | 4 5 6 7 8 9 |  9.9
Invocations    | 2 4 6 |  6.0
Evocations     | 2 3 5 6 |  6.0
Fighting       | 5 6 |  6.4

Action                   |  1- 3 |  4- 6 |  7- 9 | 10-12 || total
-------------------------+-------+-------+-------+-------++-------
Melee: Long sword        |    72 |   191 |   533 |   261 ||  1057
       Tailslap          |     8 |    41 |    84 |    63 ||   196
       Great sword       |       |       |       |    51 ||    51
       Double sword      |       |       |       |    47 ||    47
Throw: Boomerang         |     2 |     2 |    47 |    34 ||    85
Evoke: Wand              |       |       |     4 |    15 ||    19
  Use: Scroll            |       |     5 |     9 |     3 ||    17
       Potion            |       |     3 |     1 |     2 ||     6
 Stab: Sleeping          |       |     2 |     2 |     4 ||     8
  Eat: Chunk             |     1 |     8 |    11 |    13 ||    33
       Ration            |       |     1 |     3 |     1 ||     5
Armor: Skin              |    32 |    67 |   198 |   130 ||   427
Dodge: Dodged            |    86 |   148 |   423 |   324 ||   981
       Rpst.: Long sword |    18 |    44 |   102 |    60 ||   224
       Great sword       |       |       |       |    13 ||    13
       Double sword      |       |       |       |    10 ||    10

Table legend:
 A = Non-vault XP
 B = Vault XP
 C = Vault XP percentage of total XP
 D = Non-vault monster count
 E = Vault monster count
 F = Vault count percentage of total count
                 A         B        C        D         E       F
            +---------+---------+-------+---------+---------+-------
      Total |   12947 |    3114 |  19.4 |     244 |      29 |  10.6
            +---------+---------+-------+---------+---------+-------
        D:1 |      47 |       0 |   0.0 |      27 |       0 |   0.0
        D:2 |     175 |      58 |  24.9 |      24 |       6 |  20.0
        D:3 |     353 |       0 |   0.0 |      24 |       0 |   0.0
        D:4 |     527 |       0 |   0.0 |      26 |       0 |   0.0
        D:5 |    1383 |     292 |  17.4 |      27 |      14 |  34.1
        D:6 |     413 |       0 |   0.0 |      19 |       0 |   0.0
        D:7 |     990 |       0 |   0.0 |       9 |       0 |   0.0
        D:8 |    2668 |     474 |  15.1 |      40 |       4 |   9.1
        D:9 |    1461 |       0 |   0.0 |      22 |       0 |   0.0
       D:10 |    4930 |    2290 |  31.7 |      26 |       5 |  16.1
            +---------+---------+-------+---------+---------+-------
